 Dungeon Crawl Stone Soup version 0.29-a0-468-ge57f7f99b4 (webtiles) character file.

Game seed: 11396943885034929082

153 timneilson the Covered (level 5, -8/33 HPs)
             Began as a Gargoyle Fighter on May 21, 2022.
             Killed from afar by a white imp (12 damage)
             ... with a puff of frost
             ... summoned by Natasha
             ... on level 2 of the Dungeon.
             The game lasted 00:04:13 (2847 turns).

timneilson the Covered (Gargoyle Fighter)           Turns: 2847, Time: 00:04:14

Health: -8/33      AC: 11    Str: 21    XL:     5   Next: 35%
Magic:  5/5        EV:  8    Int:  9    God:
Gold:   856        SH:  8    Dex:  9    Spells: 4/4 levels left

rFire   . . .      SeeInvis .   a - +0 long sword
rCold   . . .      Faith    .   h - +0 kite shield
rNeg    + . .      Spirit   .   b - +0 scale mail
rPois   ∞          Reflect  .   (no helmet)
rElec   +          Harm     .   (no cloak)
rCorr   .          Rampage  .   (no gloves)
Will    .....                   (no boots)
Stlth   ..........              (no amulet)
HPRegen 0.11/turn               (no ring)
MPRegen 0.09/turn               (no ring)

@: slowed, very slow
A: sickness immunity, AC +4, negative energy resistance 1, electricity
resistance, torment resistance 1, petrification resistance
a: no special abilities


You were on level 2 of the Dungeon.
You visited 1 branch of the dungeon, and saw 2 of its levels.

You collected 856 gold pieces.

Inventory:

Hand Weapons
 a - a +0 long sword (weapon)
Armour
 b - a +0 scale mail (worn)
 h - a +0 kite shield (worn)
Scrolls
 f - 2 scrolls of teleportation
 g - a scroll of silence {unknown}
 i - a scroll of identify
Potions
 c - a potion of curing {unknown}
 d - a potion of might
 e - 2 potions of lignification {unknown}
 j - a potion of attraction


   Skills:
 + Level 3.8 Fighting
 * Level 2.8 Long Blades
 * Level 4.3 Armour
 + Level 1.0 Dodging
 * Level 4.2 Shields


You had 4 spell levels left.
You didn't know any spells.
Your spell library was empty.

Dungeon Overview and Level Annotations

Branches:
Dungeon (2/15)

Altars:
Uskayaw

Shops:
D:2 [

Annotations:
D:2 1 runed translucent door, Crazy Yiuf, Natasha


Innate Abilities, Weirdness & Mutations

You are immune to sickness and miasma.
Your stone body is resilient. (AC +4)
You are immune to poison.
You resist negative energy. (rN+)
You are resistant to electric shocks. (rElec)
You are resistant to unholy torment.
You are immune to petrification.


Message History

You block Natasha's attack. The white imp completely misses you.
Natasha completely misses you. The white imp misses you.
You slash Natasha!
Natasha is severely wounded.
Natasha claws you. The white imp gestures at you.
The puff of frost hits you but does no damage.
Natasha stares at you and mumbles some strange words.
The magic dart hits you.
The white imp hits you but does no damage.
You block Natasha's attack.
You hit Natasha.
Natasha is almost dead.
The white imp gestures at you. The puff of frost hits you!
Natasha casts a spell at you.
The magic dart hits you but does no damage.
The white imp gestures at you. The puff of frost hits you.
Natasha claws you but does no damage.
You barely miss Natasha.
Natasha is almost dead.
You block the white imp's attack. Natasha claws you but does no damage.
The white imp puffs mist at you. The white imp gestures at you.
The puff of frost hits you.
Natasha drinks a potion.
Natasha is healed!
You barely miss Natasha. You block the white imp's attack.
Natasha extends her claws.
Natasha barely misses you. The white imp gestures at you.
The puff of frost hits you.
Natasha mewls in sadness.
You block Natasha's attack. The white imp completely misses you.
You hit Natasha.
Natasha is lightly wounded.
Natasha claws you!
* * * LOW HITPOINT WARNING * * *
You block the white imp's attack. You block Natasha's attack.
The white imp gestures at you. The puff of frost hits you!
You die...

########### ..........#
#########.##### # #.....# #
#####.....# ##### # #.........#
#.... #####.......###
##########'###
...##....##.########...........##
...''..........h@..'...........'.
...##............5.#...........##
...##....#.).......#........^..#
...#######.........#...........#
...########.#+###############'##
..............#........# #.#
#'#.#.......###........# #.#
#.#.#.#####.# #........# #.# #
#.#†#.# #.# #........# #.# #


You could see Natasha and a white imp (summoned).

Vanquished Creatures
  Jessica (D:2)
  Natasha (twice) (D:2)
  3 adders (D:2)
  A worm (D:2)
  2 dart slugs
  5 endoplasms
  A giant cockroach (D:2)
  3 goblins (D:2)
  4 hobgoblins
  2 jackals (D:1)
  3 quokkas (D:2)
  4 ball pythons
  2 bats (D:2)
  A frilled lizard (D:2)
  4 kobolds
  6 rats
44 creatures vanquished.

Vanquished Creatures (others)
  A fungus (D:2)
1 creature vanquished.

Grand Total: 45 creatures vanquished

Notes
Turn   | Place    | Note
-------+----------+-------------------------------------------
     0 | D:1      | timneilson the Gargoyle Fighter began the quest for the
                  | Orb.
     0 | D:1      | Reached XP level 1. HP: 14/14 MP: 1/1
   613 | D:1      | Reached XP level 2. HP: 18/19 MP: 2/2
  1376 | D:1      | Identified a scroll of acquirement
  1376 | D:1      | Acquired 718 gold pieces
  1460 | D:2      | Noticed Jessica
  1469 | D:2      | Killed Jessica
  1470 | D:2      | Reached XP level 3. HP: 19/23 MP: 3/3
  1601 | D:2      | Reached XP level 4. HP: 17/28 MP: 4/4
  1603 | D:2      | Found a hide-covered altar of Uskayaw.
  1679 | D:2      | Noticed Natasha
  1693 | D:2      | Killed Natasha
  1833 | D:2      | Noticed Natasha
  1847 | D:2      | Killed Natasha
  2128 | D:2      | Reached XP level 5. HP: 25/33 MP: 5/5
  2418 | D:2      | Found Mimuusch's Antique Armour Emporium.
  2447 | D:2      | Reached skill level 1 in Dodging
  2793 | D:2      | Found a runed translucent door.
  2794 | D:2      | Noticed Crazy Yiuf
  2836 | D:2      | Noticed Natasha
  2847 | D:2      | Killed from afar by a white imp

Illustrated notes

Levels and vault maps discovered:
D:1:      onia_arrival_mini_spirals, layout_basic
D:2:      layout_basic, serial_shops, shop, basic_altar,
          uniq_crazy_yiuf_cottage, uniq_jessica, uniq_natasha

Skill      XL: |  1  2  3  4  5 |
---------------+----------------+-----
Long Blades    | 2 |  2.8
Armour         | 4 |  4.3
Shields        | 4 |  4.2
Dodging        | 1 |  1.0
Fighting       | |  3.8

Action                   |  1- 3 |  4- 6 || total
-------------------------+-------+-------++-------
Melee: Long sword        |    86 |   140 ||   226
  Use: Scroll            |     6 |       ||     6
Armor: Scale mail        |    51 |    84 ||   135
Dodge: Dodged            |    32 |    76 ||   108
Block: Buckler           |    18 |    24 ||    42
       Kite shield       |       |    47 ||    47

Table legend: (Time is in decaauts)
 A = Elapsed time spent in this place.
 B = Non-inter-level travel time spent in this place.
 C = Inter-level travel time spent in this place.
 D = Time resting spent in this place.
 E = Time spent auto-exploring this place.
 F = Levels seen in this place.
 G = Mean time per level.
                   A        B        C        D        E       F      G
               +--------+--------+--------+--------+--------+-----+--------+
         Total |   2943 |   2931 |     12 |      0 |   2388 |   2 | 1471.5 |
       Dungeon |   2943 |   2931 |     12 |      0 |   2388 |   2 | 1471.5 |
               +--------+--------+--------+--------+--------+-----+--------+

Top non-repeatable levels by time:
     D:2: 1487 daAuts
     D:1: 1455 daAuts
